Map: Ever Dream LE

Players

Reynor - Winner!

  • Race: Zerg Zerg
  • League: Master
  • Spawn Location: 1:00

PtitDrogo

  • Race: Protoss Protoss
  • League: Grandmaster
  • Spawn Location: 7:00

Event: DreamHack SC2 Masters 2020 Fall

VOD

Have the link to the VOD?

Description

Time

  • Played on: Aug. 29, 2020, 12:55 p.m.
  • Length: 11:20

All games in this series

Show
View Real Time Build Order
Export as new Build Order

Reynor Zerg - Winner!

Build Orders: Hatch First 

Get SALT Encoding   

  12  0:00  Drone  
  13  0:12  Overlord  
  13  0:17  Drone  
  14  0:30  Drone x2  
  16  0:48  Hatchery  
  15  0:51  Drone  
  15  0:55  Drone  
  17  0:58  Drone  
  18  1:09  Extractor  
  17  1:14  Spawning Pool  
  17  1:17  Drone  
  17  1:21  Drone  
  18  1:28  Drone  
  19  1:39  Drone  
  20  1:49  Overlord  
  20  2:01  Queen  
  22  2:02  Drone  
  22  2:03  Drone  
  22  2:08  Queen  
  24  2:11  Zergling x4  
  28  2:18  Metabolic Boost  
  28  2:21  Drone  
  29  2:23  Drone  
  30  2:36  Hatchery  
  29  2:37  Drone  
  29  2:43  Zergling x2  
  31  2:44  Drone  
  31  2:49  Queen  
  34  2:54  Overlord  
  34  2:57  Drone  
  35  2:59  Drone  
  36  3:12  Zergling x2  
  37  3:13  Zergling x2  
  37  3:15  Zergling x2  
  37  3:17  Overlord  
  37  3:18  Drone x2  
  41  3:20  Drone  
  42  3:27  Drone  
  42  3:31  Drone  
  43  3:37  Drone  
  43  3:39  Drone  
  43  3:41  Queen  
  47  3:43  Drone x3  
  47  3:47  Drone, Overlord  
  50  3:54  Drone  
  51  3:58  Drone x3  
  51  4:02  Drone x2  
  56  4:04  Queen, Roach Warren  
  57  4:11  Zergling x4  
  57  4:15  Spine Crawler  
  58  4:17  Overlord  
  58  4:18  Zergling x4  
  58  4:22  Zergling x6  
  63  4:26  Zergling x6  
  66  4:32  Overlord  
  66  4:35  Zergling x4  
  67  4:39  Queen  
  67  4:43  Overlord  
  69  4:46  Roach x2  
  69  4:49  Overlord  
  69  4:51  Roach, Spore Crawler x2  
  73  4:54  Roach x2  
  73  4:56  Drone  
  73  4:59  Spore Crawler  
  77  5:01  Roach  
  77  5:06  Roach x2  
  83  5:09  Drone x3  
  83  5:13  Overlord  
  86  5:18  Drone x4  
  89  5:26  Drone x2  
  89  5:29  Drone x2  
  89  5:30  Lair  
  90  5:40  Drone x5  
  95  5:43  Extractor x2  
  95  5:45  Drone  
  95  5:48  Drone x4  
  98  5:51  Overlord  
  98  5:56  Drone, Extractor x2  
  97  5:57  Evolution Chamber  
  97  5:58  Drone  
  97  6:02  Drone  
  98  6:05  Drone  
  98  6:06  Drone x2  
  98  6:08  Drone  
  102  6:11  Drone  
  102  6:12  Extractor  
  102  6:13  Roach  
  104  6:19  Overlord  
  104  6:20  Drone  
  104  6:21  Drone  
  104  6:24  Roach x3  
  112  6:26  Zerg Missile Weapons Level 1  
  112  6:29  Glial Reconstitution, Drone  
  113  6:36  Overlord  
  113  6:39  Drone  
  114  6:41  Drone  
  114  6:44  Roach x3  
  114  6:46  Overlord  
  121  6:50  Roach, Hatchery  
  121  6:52  Overlord  
  121  6:55  Spore Crawler  
  121  7:02  Overlord  
  121  7:08  Ravager x2  
  123  7:09  Ravager x4  
  123  7:10  Zergling x20  
  136  7:17  Roach  
  136  7:20  Roach x2  
  140  7:25  Roach  
  140  7:29  Roach x5  
  149  7:30  Roach  
  149  7:33  Drone x3  
  151  7:44  Roach  
  152  7:45  Overlord x2  
  152  7:49  Hatchery  
  152  7:50  Overlord  
  151  7:59  Overlord  
  151  8:01  Ravager x2  
  151  8:04  Baneling Nest  
  152  8:06  Evolution Chamber  
  151  8:17  Roach x13  
  177  8:25  Zerg Missile Weapons Level 2  
  175  8:28  Roach x6  
  171  8:35  Roach x6  
  171  8:36  Roach  
  173  8:45  Drone x3  
  173  8:47  Centrifical Hooks, Zerg Melee Weapons Level 1  
  162  9:04  Roach x5  
  162  9:05  Roach x3  
  162  9:07  Drone, Unknown  
  160  9:11  Drone x6  
  160  9:12  Roach x2  
  151  9:24  Roach x4  
  151  9:25  Drone x3  
  147  9:32  Drone x2  
  147  9:33  Drone  
  147  9:36  Roach  
  146  9:41  Zergling x4  
  146  9:42  Zergling x10  
  146  9:43  Hatchery  
  147  9:46  Baneling x2  
  147  9:50  Zergling x8  
  147  9:51  Zergling x4  
  153  9:54  Drone, Spire  
  153  9:56  Zergling x4  
  155  10:00  Ravager x2  
  155  10:02  Ravager  
  154  10:09  Zergling x18  
  147  10:14  Roach x3, Zergling x2  
  147  10:15  Zergling x2  
  147  10:19  Roach x3, Zergling x4  
  155  10:26  Drone x2  
  152  10:29  Drone x3  
  152  10:34  Roach  
  157  10:37  Baneling x13  
  157  10:39  Drone x4  
  157  10:40  Drone  
  157  10:41  Ravager x2  
  157  10:42  Ravager x3, Baneling  
  167  10:43  Baneling x8  
  167  10:44  Zergling x2  
  167  10:45  Zergling x2  
  169  10:51  Zergling x2, Spore Crawler  
  169  10:52  Zergling x2  
  169  10:53  Baneling x4  
  169  10:54  Ravager x2  
Show
View Real Time Build Order
Export as new Build Order

PtitDrogo Protoss 

Build Orders: 1 Gate Expand, Archon Immortal 

Get SALT Encoding   

  12  0:00  Probe  
  13  0:12  Probe  
  14  0:19  Pylon  
  14  0:24  Probe  
  15  0:37  Probe (Chrono Boost)  
  16  0:43  Gateway  
  16  0:46  Probe (Chrono Boost)  
  17  0:51  Probe  
  17  0:52  Assimilator  
  18  1:03  Probe  
  19  1:15  Probe  
  20  1:25  Nexus  
  20  1:36  Cybernetics Core  
  20  1:38  Probe  
  21  1:44  Assimilator  
  21  1:51  Probe  
  21  1:53  Pylon  
  22  2:04  Probe  
  23  2:09  Adept (Chrono Boost)  
  23  2:12  Warp Gate  
  25  2:16  Probe  
  26  2:29  Adept (Chrono Boost)  
  26  2:31  Twilight Council  
  29  2:37  Probe (Chrono Boost)  
  29  2:41  Probe (Chrono Boost)  
  30  2:47  Probe (Chrono Boost)  
  30  2:50  Probe (Chrono Boost)  
  32  2:52  Stalker, Probe (Chrono Boost)  
  35  3:01  Robotics Facility, Probe  
  35  3:04  Probe  
  37  3:09  Gateway  
  37  3:14  Probe  
  38  3:22  Gateway  
  38  3:25  Gateway  
  38  3:27  Probe  
  39  3:37  Resonating Glaives (Chrono Boost)  
  39  3:39  Probe  
  40  3:45  Pylon  
  38  3:50  Warp Prism (Chrono Boost)  
  38  3:51  Probe  
  38  3:53  Probe  
  38  3:55  Pylon  
  40  3:59  Adept  
  42  4:03  Probe  
  42  4:04  Adept, Pylon  
  42  4:05  Probe  
  46  4:10  Pylon  
  46  4:18  Adept  
  46  4:19  Adept  
  46  4:20  Adept  
  52  4:25  Probe  
  52  4:26  Probe  
  52  4:29  Observer (Chrono Boost)  
  55  4:32  Forge  
  55  4:38  Probe x2  
  57  4:40  Assimilator  
  57  4:41  Assimilator  
  57  4:45  Immortal (Chrono Boost)  
  57  4:50  Probe  
  62  4:55  Adept x2  
  62  4:56  Probe  
  67  5:02  Probe  
  67  5:04  Pylon  
  68  5:08  Probe  
  69  5:14  Probe  
  69  5:20  Immortal (Chrono Boost)  
  69  5:21  Probe  
  69  5:26  Protoss Ground Weapons Level 1 (Chrono Boost)  
  71  5:33  Charge  
  67  5:39  Gateway x2  
  67  5:40  Gateway  
  67  5:41  Gateway  
  67  5:44  Sentry  
  67  5:45  Sentry  
  67  5:47  Zealot  
  67  5:49  Zealot  
  74  5:54  Immortal (Chrono Boost)  
  74  6:01  Pylon  
  78  6:14  Nexus  
  78  6:20  Sentry x2, Pylon  
  78  6:22  Zealot  
  78  6:23  Pylon  
  84  6:34  Zealot  
  84  6:36  Pylon  
  84  6:38  Adept x2  
  90  6:43  Zealot, Templar Archives  
  92  6:49  Zealot x2  
  96  7:06  Zealot x6  
  108  7:19  Zealot x2  
  108  7:21  Probe x2  
  108  7:23  Protoss Ground Weapons Level 2 (Chrono Boost)  
  108  7:29  Observer, Probe  
  104  7:33  Zealot x3  
  108  7:47  Zealot x3  
  108  7:50  Probe  
  108  7:51  Probe  
  114  7:52  Probe  
  114  7:55  Immortal (Chrono Boost)  
  117  7:59  High Templar x3  
  117  8:03  Probe  
  117  8:04  Archon  
  124  8:13  Probe  
  124  8:15  Pylon  
  125  8:21  Probe  
  117  8:28  Zealot x5  
  105  8:35  Zealot x3  
  105  8:46  Immortal (Chrono Boost)  
  103  8:49  Zealot, High Templar x2  
  103  8:50  Zealot x2  
  103  8:53  Archon  
  109  9:02  Zealot x3  
  88  9:11  Zealot x3  
  85  9:24  Zealot x5  
  87  9:30  Probe  
  78  9:32  Probe  
  78  9:33  Zealot x3  
  78  9:35  Immortal (Chrono Boost)  
  83  9:41  Assimilator  
  83  9:42  Assimilator  
  79  9:47  Zealot  
  79  9:48  High Templar x4  
  79  9:52  Archon x2  
  87  9:55  Zealot  
  87  9:57  Zealot x2  
  93  10:02  Pylon  
  89  10:09  Stalker  
  79  10:19  Zealot x3  
  82  10:27  Zealot x2, High Templar x2  
  76  10:31  Archon  
  76  10:33  Probe x3  
  79  10:37  Zealot  
  79  10:40  Zealot x2  
  85  10:48  Sentry  
  87  10:52  Probe x3  
  87  10:56  High Templar x2  
  94  11:00  Pylon  
  94  11:01  Archon  
  87  11:04  Probe  
  87  11:07  Zealot x2  

Tags
 
Add a new tag
Caveats
  • Supply blocks, unpowered buildings, or Contaminate may cause inaccurate times.
  • Supply counts are checked every 10 seconds.